 Dungeon Crawl Stone Soup version 0.30-a0-568-g124715a40b (webtiles) character file.

Game seed: 8771815305997479959

4453 bmack86 the Cleaver (level 10, -15/89 HPs)
             Began as a Minotaur Fighter on Dec 28, 2022.
             Was an Initiate of Okawaru.
             Demolished by an orc warlord
             ... wielding a +4 broad axe
              (17 damage)
             ... in a bailey.
             The game lasted 00:27:51 (8637 turns).

bmack86 the Cleaver (Minotaur Fighter)              Turns: 8637, Time: 00:27:52

Health: -15/89     AC: 17    Str: 26    XL:     10   Next: 15%
Magic:  8/9        EV:  7    Int:  5    God:    Okawaru [......]
Gold:   80         SH:  5    Dex:  9    Spells: 9/9 levels left

rFire   . . .      SeeInvis .    L - +4 hand axe
rCold   . . .      Faith    .    c - +0 buckler
rNeg    . . .      Spirit   .    E - +0 plate armour
rPois   +          Reflect  .    (helmet restricted)
rElec   .          Harm     .    e - +1 cloak
rCorr   .          Rampage  .    j - +0 pair of gloves
Will    +....                    (no boots) Stlth
                                 (no amulet)
HPRegen 0.34/turn                o - ring of willpower
MPRegen 0.11/turn                z - ring of poison resistance

@: no status effects
A: horns 2, retaliatory headbutt
a: Renounce Religion


You were in a bailey.
You worshipped Okawaru.
Okawaru was noncommittal.
You visited 2 branches of the dungeon, and saw 9 of its levels.
You also visited: Sewer and Bailey.

You collected 420 gold pieces.
You spent 340 gold pieces at shops.

Inventory:

Hand Weapons
 a - a +0 war axe
 L - a +4 hand axe (weapon)
Missiles
 t - 4 throwing nets (quivered)
 C - a curare-tipped dart
 F - 12 poisoned darts
 N - 6 boomerangs
Armour
 b - a +0 scale mail
 c - a +0 buckler (worn)
 e - a +1 cloak (worn)
 j - a +0 pair of gloves (worn)
 s - a scarf of invisibility
 D - a +2 scale mail of willpower
 E - a +0 plate armour (worn)
Jewellery
 o - a ring of willpower (left hand)
 z - a ring of poison resistance (right hand)
 H - a ring of protection from cold
Wands
 u - a wand of polymorph (6)
 I - a wand of paralysis (5)
 M - a wand of roots (12)
Scrolls
 f - 3 scrolls of immolation
 h - a scroll of teleportation
 k - a scroll of blinking
 l - a scroll of amnesia
 m - a scroll of poison {unknown}
 n - a scroll of noise {unknown}
 p - a scroll of butterflies {unknown}
 y - a scroll of magic mapping {unknown}
 B - 2 scrolls of enchant weapon {unknown}
 J - 2 scrolls of fear {unknown}
 K - a scroll of enchant armour {unknown}
 O - a scroll of acquirement {unknown}
Potions
 d - 5 potions of might
 g - 4 potions of curing
 i - 3 potions of heal wounds
 q - 4 potions of brilliance
 r - a potion of mutation
 v - 3 potions of degeneration
 w - 2 potions of lignification
 x - 2 potions of resistance {unknown}
 A - 2 potions of attraction {unknown}
 G - a potion of cancellation {unknown}
 P - a potion of invisibility {unknown}


   Skills:
 + Level 8.3 Fighting
 * Level 10.8 Axes
 + Level 3.2 Throwing
 + Level 8.3 Armour
 + Level 8.4 Shields
 + Level 2.9 Evocations


You had 9 spell levels left.
You didn't know any spells.
Your spell library contained the following spells:

 Spells                   Type           Power      Damage    Failure   Level
 Kiss of Death            Conj/Necr      0%         2d5       100%        1
 Confusing Touch          Hex            0%         N/A       100%        3
 Gell's Gravitas          Tloc           0%         N/A       100%        3
 Lesser Beckoning         Tloc           0%         N/A       100%        3
 Teleport Other           Tloc           0%         N/A       100%        3
 Dispel Undead            Necr           0%         3d6       100%        4


Dungeon Overview and Level Annotations

Branches:
Dungeon (8/15)             Temple (1/1) D:6           Sewer (visited)
 Bailey (1/1)
   Lair: D:8-11

Altars:
Ashenzari
Cheibriados
Dithmenos
Elyvilon
Fedhas
Gozag
Hepliaklqana
Makhleb
Nemelex Xobeh
Okawaru
Ru
Sif Muna
Trog
Uskayaw
Vehumet
Wu Jian
Xom
Zin
The Shining One

Shops:
D:2 [   D:6 *=


Innate Abilities, Weirdness & Mutations

You have a pair of horns on your head.
You reflexively headbutt those who attack you in melee.


Message History

* * * LOW HITPOINT WARNING * * *
The orc warrior hits you with a +0 war axe.
* * * LOW HITPOINT WARNING * * *
You hit the orc warlord. Your headbutt misses the orc warlord.
The orc warlord is moderately wounded.
You closely miss the orc warrior.
You feel much better.
The orc warlord hits you but does no damage.
The orc warrior barely misses you.
You feel much better. The orc warlord barely misses you.
You furiously retaliate!
You headbutt the orc warlord! The orc warrior closely misses you.
You hit the orc warlord but do no damage.
You headbutt the orc warlord!
The orc warlord is heavily wounded.
You hit the orc warrior.
The orc warlord hits you with a +4 broad axe!
The orc warrior hits you with a +0 war axe!
You hit the orc warlord.
The orc warlord is heavily wounded.
You hit the orc warrior.
The orc warlord hits you with a +4 broad axe!!
* * * LOW HITPOINT WARNING * * *
The orc warrior hits you but does no damage.
You hit the orc warlord but do no damage.
The orc warlord is heavily wounded.
You slash the orc warrior!
You kill the orc warrior!
Okawaru accepts your kill.
You barely miss the orc warlord. You headbutt the orc warlord.
The orc warlord is heavily wounded.
The orc warlord hits you with a +4 broad axe!
* * * LOW HITPOINT WARNING * * *
You closely miss the orc warlord.
The orc warlord is heavily wounded.
You feel like a meek peon again.
You slash the orc warlord!
The orc warlord is heavily wounded.
The orc warlord hits you with a +4 broad axe!
You die...

#...........#........).
#...........#.......)..
###.........###......)).
###.#'#.....###.###.....#'
###...))###.###....
###.###.
##.....))).###......
###...
#.......)..8##...... #....
#..........8#)...... #....
#∩....⌠.....@o...... #....
#..........8#)...... #....
#..........8##...... #....
##.........###......
###... ###.....###.###....
###.###.
###.#)#.....###.###.....#+
###)).......###.........
#...........#..........
#...........#.)........


You could see an orc warlord.

Vanquished Creatures
  A shadow (D:5)
  13 orc warriors
  Pargi (Sewer)
  3 ice beasts
  A black bear (D:6)
  An ogre (D:5)
  A sky beast (D:4)
  3 centaurs (D:5)
  A phantom (D:5)
  3 kobold brigands
  3 bullfrogs
  A gnoll sergeant (D:7)
  3 scorpions
  4 wights (D:6)
  A howler monkey (D:5)
  3 jellies
  7 hounds
  3 gnoll boudas
  An orc priest (D:7)
  An iguana (D:6)
  An orc wizard (D:5)
  48 gnolls
  5 adders
  A shadow imp (D:6)
  2 white imps
  3 worms
  3 dart slugs
  41 orcs
  6 endoplasms
  10 giant cockroaches
  22 goblins
  17 hobgoblins
  16 jackals
  6 quokkas
  7 ball pythons
  4 bats
  7 frilled lizards
  15 kobolds
  25 rats
294 creatures vanquished.

Vanquished Creatures (others)
  8 plants
8 creatures vanquished.

Grand Total: 302 creatures vanquished

Notes
Turn   | Place    | Note
-------+----------+-------------------------------------------
     0 | D:1      | bmack86 the Minotaur Fighter began the quest for the Orb.
     0 | D:1      | Reached XP level 1. HP: 19/19 MP: 0/0
   199 | D:1      | Reached XP level 2. HP: 27/27 MP: 1/1
   269 | D:1      | Reached skill level 3 in Axes
   767 | D:2      | Found Kasuidin's Armour Boutique.
   840 | D:2      | Bought a +0 pair of gloves for 49 gold pieces
   979 | D:2      | Reached XP level 3. HP: 33/33 MP: 2/2
  1523 | D:3      | Reached XP level 4. HP: 34/40 MP: 3/3
  1633 | D:3      | Reached skill level 4 in Axes
  2425 | D:4      | Noticed a sky beast
  2441 | D:4      | Killed a sky beast
  2442 | D:4      | Reached XP level 5. HP: 14/47 MP: 4/4
  2778 | D:4      | Reached skill level 5 in Axes
  3391 | D:5      | Entered Level 5 of the Dungeon
  3430 | D:5      | Reached skill level 5 in Armour
  3430 | D:5      | Reached skill level 5 in Shields
  3430 | D:5      | Reached XP level 6. HP: 52/55 MP: 5/5
  3502 | D:5      | Reached skill level 5 in Fighting
  3725 | D:5      | Reached skill level 6 in Axes
  3725 | D:5      | Reached XP level 7. HP: 14/61 MP: 6/6
  3811 | D:5      | Found a glowing drain.
  3915 | Sewer    | Entered a sewer
  3960 | Sewer    | Noticed Pargi
  3965 | Sewer    | Killed Pargi
  4185 | D:5      | Reached skill level 7 in Axes
  4251 | D:5      | Reached XP level 8. HP: 33/70 MP: 7/7
  4675 | D:5      | Reached skill level 8 in Axes
  5506 | D:2      | Bought a +0 plate armour for 253 gold pieces
  5594 | D:6      | Reached skill level 9 in Axes
  5647 | D:6      | Found a staircase to the Ecumenical Temple.
  5660 | D:6      | Reached XP level 9. HP: 77/79 MP: 8/8
  5671 | Temple   | Entered the Ecumenical Temple
  6064 | Temple   | Became a worshipper of Warmaster Okawaru
  6261 | D:6      | Found Xylier's Assorted Antiques.
  6323 | D:6      | Bought a scroll labelled VEARUE GILUT for 19 gold pieces
  6323 | D:6      | Bought a scroll labelled UWUDIPI BESO for 19 gold pieces
  6478 | D:6      | Reached skill level 1 in Throwing
  6478 | D:6      | Reached skill level 1 in Evocations
  6590 | D:6      | Found Ychutsuh's Jewellery Shop.
  7168 | D:7      | Identified the +8 morningstar "Donyed" {venom, rPois rCorr}
  7280 | D:7      | Reached skill level 10 in Axes
  7291 | D:7      | Reached * piety under Okawaru
  8127 | D:8      | Found a flagged portal.
  8184 | Bailey   | Entered a bailey
  8325 | Bailey   | Reached XP level 10. HP: 33/88 MP: 9/9
  8598 | Bailey   | Noticed an orc warlord
  8635 | Bailey   | HP: 2/89 [orc warlord/+4 broad axe (10)]
  8637 | Bailey   | Demolished by an orc warlord

Illustrated notes

Levels and vault maps discovered:
D:1:      minmay_arrival_glassed_features, layout_basic
D:2:      wander_river, layout_basic, serial_shops, shop,
          kennysheep_generic_room_8
D:3:      layout_rooms, grunt_decor_clamped
D:4:      layout_layer_cave, minmay_misc_feat_tiny, grunt_decor_mini_mirrors,
          minmay_rat_hole
D:5:      lemuel_castle_with_subvaults [lemuel_castle_interior_original],
          layout_loops_ring, portal_sewer_entry_f, minmay_misc_feat_cross
D:6:      layout_basic, minmay_temple_entry_mist, serial_shops,
          nicolae_stop_n_shop_2, nicolae_shop_overgrown_old_shop,
          dk_noncrumbling_3, grunt_ministairs_15
D:7:      layout_basic, nicolae_figureground_sparkle
D:8:      layout_gridville, erik_lair_island, enter_bailey_5,
          minmay_misc_feat_encased, minmay_statues_item, uniq_joseph,
          uniq_maurice, uniq_erica
Temple:   mainiacjoe_temple_big_plus
Bailey:   bailey_axe_minmay_hex_keep, bailey

Skill      XL: |  1  2  3  4  5  6  7  8  9 10 |
---------------+-------------------------------+-----
Axes           | 3 4 5 6 7 9 10 | 10.8
Shields        | 4 5 6 7 8 |  8.4
Fighting       | 4 5 6 7 8 |  8.3
Armour         | 4 5 6 7 8 |  8.3
Throwing       | 2 3 |  3.2
Evocations     | 2 |  2.9

Action                   |  1- 3 |  4- 6 |  7- 9 | 10-12 || total
-------------------------+-------+-------+-------+-------++-------
Melee: War axe           |    73 |   157 |   236 |       ||   466
       Headbutt          |    10 |    22 |    61 |    15 ||   108
       Hand axe          |       |       |   143 |    54 ||   197
Throw: Throwing net      |       |       |     1 |       ||     1
Invok: Heroism           |       |       |     2 |     2 ||     4
  Use: Scroll            |     3 |     4 |     4 |       ||    11
       Potion            |       |       |     2 |     4 ||     6
Armor: Scale mail        |    46 |    88 |   112 |       ||   246
       Plate armour      |       |       |   109 |    21 ||   130
Dodge: Dodged            |    44 |    86 |   185 |    16 ||   331
Block: Buckler           |    14 |    46 |   128 |    14 ||   202

Table legend: (Time is in decaauts)
 A = Elapsed time spent in this place.
 B = Non-inter-level travel time spent in this place.
 C = Inter-level travel time spent in this place.
 D = Time resting spent in this place.
 E = Time spent auto-exploring this place.
 F = Levels seen in this place.
 G = Mean time per level.
                   A        B        C        D        E       F      G
               +--------+--------+--------+--------+--------+-----+--------+
         Total |   8792 |   8469 |    323 |    476 |   5344 |  11 |  799.3 |
       Dungeon |   7656 |   7363 |    293 |    349 |   4672 |   8 |  957.0 |
        Temple |    501 |    471 |     30 |      0 |    444 |   1 |  501.0 |
         Sewer |    209 |    209 |      0 |      0 |    102 |   1 |  209.0 |
        Bailey |    425 |    425 |      0 |    127 |    125 |   1 |  425.0 |
               +--------+--------+--------+--------+--------+-----+--------+

Top non-repeatable levels by time:
     D:5: 1979 daAuts
     D:4: 1364 daAuts
     D:7: 1080 daAuts
     D:6: 978 daAuts
     D:2: 808 daAuts
     D:1: 783 daAuts
     D:3: 611 daAuts
  Temple: 501 daAuts
  Bailey: 425 daAuts
   Sewer: 209 daAuts
     D:8: 50 daAuts
